 Dungeon Crawl Stone Soup version 0.27-a0-1036-g8e1b44f (webtiles) character file.

Game seed: 15998087993137486528

17780 HDogLeCool the Severer (level 12, 110/110 HPs)
             Began as a Minotaur Berserker on May 22, 2020.
             Was a High Priest of Trog.
             Quit the game on level 2 of the Lair of Beasts on Apr 18, 2021.
             The game lasted 00:37:59 (14606 turns).

HDogLeCool the Severer (Minotaur Berserker)        Turns: 14606, Time: 00:38:00

Health: 110/110    AC: 18    Str: 25    XL:     12   Next: 21%
Magic:  11/11      EV:  7    Int:  5    God:    Trog [*****.]
Gold:   488        SH: 19    Dex: 11    Spells: 11/11 levels left

rFire    . . .     SeeInvis .   a - +3 broad axe (elec)
rCold    . . .     Faith    .   i - +0 kite shield
rNeg     . . .     Spirit   .   m - +3 plate armour of the Gusle {Fly}
rPois    .         Reflect  +   (helmet restricted)
rElec    .         Harm     .   C - +2 cloak {Stlth+}
rCorr    .         Rampage  .   (no gloves)
Will     ++...                  R - +0 pair of boots
Stlth    ..........             T - amulet of reflection
HPRegen  0.28/turn              A - ring of willpower
MPRegen  0.12/turn              D - ring of willpower

@: studying Stealth
A: horns 2, retaliatory headbutt
a: Renounce Religion, Berserk, Trog's Hand, Brothers in Arms


You were on level 2 of the Lair of Beasts.
You worshipped Trog.
Trog was extremely pleased with you.
You visited 2 branches of the dungeon, and saw 14 of its levels.

You collected 723 gold pieces.
You spent 235 gold pieces at shops.

Inventory:

Hand Weapons
 a - a +3 broad axe of electrocution (weapon)
 K - the +3 broad axe "Ruopt" {vorpal, rF+}
   (Trog gifted it to you on level 10 of the Dungeon)

   It inflicts extra damage upon your enemies.
   It protects you from fire.
Missiles
 h - 346 stones (quivered)
 n - 22 boomerangs
 t - 25 poisoned darts
 M - 5 curare-tipped darts
Armour
 i - a +0 kite shield (worn)
 m - the +3 plate armour of the Gusle (worn) {Fly}
   (You found it on level 2 of the Lair of Beasts)

   It grants you flight.
 C - a +2 cloak of stealth (worn)
 N - a scarf of resistance
 R - a +0 pair of boots (worn)
Jewellery
 p - a ring of resist corrosion
 A - a ring of willpower (left hand)
 D - a ring of willpower (right hand)
 G - a ring of fire
 T - an amulet of reflection (around neck)
Wands
 w - a wand of acid (17)
 y - a wand of removedness (7)
 F - a wand of digging (12)
 L - a wand of polymorph (9)
 O - a wand of charming (12)
Scrolls
 b - 2 scrolls of magic mapping
 d - 5 scrolls of teleportation
 l - 2 scrolls of enchant armour
 u - 3 scrolls of immolation {unknown}
 v - a scroll of fear
 x - 3 scrolls of blinking {unknown}
 z - a scroll of vulnerability {unknown}
 E - 7 scrolls of removedness
 H - a scroll of silence {unknown}
 I - 2 scrolls of noise {unknown}
 Q - a scroll of fog {unknown}
 U - a scroll of torment {unknown}
 W - a scroll of brand weapon {unknown}
 X - a scroll of amnesia {unknown}
 Z - a scroll of enchant weapon {unknown}
Potions
 e - 2 potions of curing
 f - 4 potions of might
 j - 2 potions of lignification
 k - a potion of attraction {unknown}
 o - a potion of flight
 q - a potion of cancellation
 r - a potion of invisibility
 s - 3 potions of magic
 P - a potion of berserk rage {unknown}
 S - a potion of resistance {unknown}
 Y - a potion of heal wounds
Comestibles
 c - 36 removed foods


   Skills:
 + Level 11.4 Fighting
 * Level 15.0 Axes
 - Level 3.3 Armour
 - Level 2.2 Dodging
 * Level 14.3 Shields


You had 11 spell levels left.
You didn't know any spells.
Your spell library was empty.

Dungeon Overview and Level Annotations

Branches:
Dungeon (10/15)            Temple (0/1) D:5            Lair (4/6) D:9
  Swamp (0/4) Lair:3        Snake (0/4) Lair:2          Orc (0/2) D:10

Altars:
Ashenzari
Cheibriados
Gozag
Hepliaklqana
Kikubaaqudgha
Nemelex Xobeh
Okawaru
Sif Muna
Uskayaw
Vehumet
Yredelemnul
Beogh

Shops:
D:4 !(=(   D:6 [

Annotations:
D:6 exclusion: statue
D:9 exclusion: door


Innate Abilities, Weirdness & Mutations

You have a pair of horns on your head.
You reflexively headbutt those who attack you in melee.


Message History

You start resting.
HP restored.
Some of the chunks of flesh in your inventory have rotted away.
You see here a hydra corpse.
You butcher the yak corpse.
g - 2 chunks of flesh (gained 1)
You see here a yak skeleton. x2
u - 3 scrolls labeled CEFRERGH GYNAIZ (gained 1)
t - 23 poisoned darts (gained 1)
t - 24 poisoned darts (gained 1)
You now have 479 gold pieces (gained 19).
t - 25 poisoned darts (gained 1)
Found a stone staircase leading down.
You now have 488 gold pieces (gained 9).
Eating one of 2 chunks of flesh.
You eat one of the 2 chunks of flesh.
This raw flesh tastes terrible.
Found an escape hatch in the floor.
c - 36 rations (gained 1) All of the chunks of flesh in your inventory have rotted away.
Done exploring.
Done exploring.
You climb downwards.
A crocodile comes into view.
Found a scroll of identify.
Found a stone staircase leading up.
You climb upwards.
A mysterious force pulls you upwards. The hatch slams shut behind you.
Saving game... please wait.
You pick up a manual of Stealth and begin studying.
Welcome back, HDogLeCool the Minotaur Berserker.
Trog says: Kill them all!
Press ? for a list of commands and other information.
Drop what? 48/52 slots (_ for help) (? for menu, Esc to quit)
Okay, then.
Unknown command.
Are you sure you want to abandon this character and quit the game? (Confirm with "yes".)

##.........# #...####
#..........###..## #
#...........#..P# #
##..............### #
#..............#..##
#.............#..#.#
##............##...###
#...........#.#......
#P..@......##........
##.........###........
#...#.......##........
#P.....P#.............
##...####.#...........
##..###.#.##.........
#.........##.#.......
#..........#####.....
##...........# #.....


There were no monsters in sight!

Vanquished Creatures
  Erica (D:10)
  A black mamba (Lair:2)
  Maggie (D:8)
  4 cane toads
  A rime drake (Lair:3)
  A komodo dragon (Lair:1)
  2 trolls
  A tyrant leech (Lair:3)
  Prince Ribbit (D:8)
  4 blink frogs (Lair:3)
  4 removed hippogriffs
  A bog body (Lair:3)
  17 yaks
  A wyvern (Lair:3)
  2 basilisks
  2 removed hungry ghosts
  Edmund (D:5)
  3 swamp worms (Lair:3)
  2 nagas (Lair:2)
  2 wargs (D:9)
  3 water moccasins
  7 removed porcupines
  3 sky beasts
  3 black bears
  6 orc warriors
  3 ice beasts
  A necrophage (D:10)
  5 phantoms
  2 ogres
  6 centaurs
  8 removed crocodiles
  6 bullfrogs
  A water moccasin zombie (D:6)
  7 scorpions
  A wyvern skeleton (D:6)
  4 killer bees (D:7)
  12 wights
  2 howler monkeys
  An electric eel (Lair:3)
  9 crimson imps
  A centaur zombie (D:10)
  4 jellies (D:10)
  4 iguanas
  9 orc priests
  2 bullfrog skeletons
  Crazy Yiuf (D:5)
  A centaur skeleton (D:6)
  13 orc wizards
  6 removed worker ants
  2 killer bee zombies
  4 hound zombies
  4 hound skeletons
  7 gnolls
  A howler monkey skeleton (D:4)
  21 adders
  6 endoplasms
  4 worms
  3 dart slugs
  63 orcs
  3 removed leopard geckos
  5 ball pythons
  6 giant cockroaches
  4 goblins
  12 hobgoblins
  4 jackals
  3 quokkas
  5 bats
  2 frilled lizards
  4 kobolds
  6 rats
  A removed leopard gecko skeleton (D:4)
  A plant (Lair:2)
354 creatures vanquished.

Vanquished Creatures (collateral kills)
  A hydra (D:9)
1 creature vanquished.

Vanquished Creatures (others)
  Maurice (D:8)
1 creature vanquished.

Grand Total: 356 creatures vanquished

Notes
Turn   | Place    | Note
-------+----------+-------------------------------------------
     0 | D:1      | HDogLeCool the Minotaur Berserker began the quest for the
                  | Orb.
     0 | D:1      | Reached XP level 1. HP: 19/19 MP: 0/0
   660 | D:1      | Reached skill level 4 in Axes
   736 | D:1      | Reached XP level 2. HP: 27/27 MP: 1/1
  1122 | D:2      | Reached XP level 3. HP: 30/33 MP: 2/2
  1267 | D:2      | Reached ** piety under Trog
  1267 | D:2      | Reached skill level 5 in Axes
  1267 | D:2      | Reached XP level 4. HP: 31/41 MP: 3/3
  1854 | D:2      | Reached skill level 1 in Shields
  2056 | D:2      | Found a shattered altar of Ashenzari.
  2254 | D:3      | Found a snail-covered altar of Cheibriados.
  2625 | D:3      | Reached XP level 5. HP: 47/47 MP: 4/4
  2693 | D:3      | Reached *** piety under Trog
  2832 | D:3      | Found an ancient bone altar of Kikubaaqudgha.
  2944 | D:4      | Found Muyddig's Jewellery Boutique.
  2959 | D:4      | Reached skill level 6 in Axes
  3103 | D:4      | Found Vophil's Antique Weapon Shoppe.
  3112 | D:4      | Reached skill level 5 in Fighting
  3116 | D:4      | Reached XP level 6. HP: 52/56 MP: 5/5
  3407 | D:4      | Found a hazy altar of Hepliaklqana.
  3458 | D:4      | Found Upnyr's Antique Weapon Emporium.
  3588 | D:4      | Found Qibepij's Distillery.
  3596 | D:4      | Bought a potion of heal wounds for 60 gold pieces
  3602 | D:4      | Found an iron altar of Okawaru.
  3680 | D:5      | Entered Level 5 of the Dungeon
  3744 | D:5      | Noticed Edmund
  3753 | D:5      | Killed Edmund
  3850 | D:5      | Found a staircase to the Ecumenical Temple.
  3939 | D:5      | Upgraded the game from 0.25-a0-1133-g93ebf73 to
                  | 0.25-a0-1137-g7f6bfe4
  3973 | D:5      | Noticed a sky beast
  4001 | D:5      | Killed a sky beast
  4001 | D:5      | Reached skill level 7 in Axes
  4001 | D:5      | Reached XP level 7. HP: 19/61 MP: 6/6
  4280 | D:5      | Reached skill level 5 in Shields
  4433 | D:5      | Noticed a yak
  4448 | D:5      | Killed a yak
  4456 | D:5      | Reached skill level 8 in Axes
  4666 | D:5      | Reached XP level 8. HP: 69/70 MP: 7/7
  4670 | D:5      | Reached **** piety under Trog
  4896 | D:5      | Found a runed translucent door.
  4897 | D:5      | Noticed Crazy Yiuf
  5004 | D:5      | Killed Crazy Yiuf
  5290 | D:6      | Reached skill level 9 in Axes
  5628 | D:6      | Found a radiant altar of Vehumet.
  6007 | D:6      | Found a hide-covered altar of Uskayaw.
  6101 | D:6      | Found Untyxo's Antique Armour Shop.
  6278 | D:6      | Found a basalt altar of Yredelemnul.
  6316 | D:6      | Found an opulent altar of Gozag.
  6383 | D:5      | Reached XP level 9. HP: 79/79 MP: 8/8
  6461 | D:4      | Bought a runed broad axe for 175 gold pieces
  6589 | D:7      | Reached skill level 10 in Axes
  7091 | D:7      | Reached ***** piety under Trog
  7576 | D:8      | Noticed Maggie
  7582 | D:8      | Killed Maggie
  7582 | D:8      | Reached skill level 11 in Axes
  7684 | D:8      | Reached skill level 10 in Shields
  7702 | D:8      | Noticed Prince Ribbit
  7721 | D:8      | Killed Prince Ribbit
  7818 | D:8      | Noticed Maurice
  7837 | D:8      | Killed Maurice
  7837 | D:8      | Reached XP level 10. HP: 77/90 MP: 9/9
  8562 | D:9      | Found a sparkling altar of Nemelex Xobeh.
  8672 | D:9      | Reached skill level 12 in Axes
  8951 | D:9      | Found a staircase to the Lair.
  9165 | D:9      | Found a shimmering blue altar of Sif Muna.
  9448 | D:10     | Entered Level 10 of the Dungeon
  9591 | D:10     | Received a gift from Trog
  9597 | D:10     | Got a shimmering broad axe {god gift}
  9606 | D:10     | Identified the +3 broad axe "Ruopt" {vorpal, rF+} (Trog
                  | gifted it to you on level 10 of the Dungeon)
  9851 | D:10     | Reached skill level 13 in Axes
  9853 | D:10     | Reached XP level 11. HP: 99/99 MP: 10/10
 10012 | D:10     | Reached skill level 10 in Fighting
 10078 | D:10     | Noticed Erica
 10084 | D:10     | Killed Erica
 10091 | D:10     | Found a roughly hewn altar of Beogh.
 10099 | D:10     | Noticed a four-headed hydra
 10274 | D:9      | Killed a five-headed hydra
 10958 | D:10     | Found a staircase to the Orcish Mines.
 11027 | D:10     | Received a gift from Trog
 11205 | Lair:1   | Entered Level 1 of the Lair of Beasts
 11230 | Lair:1   | Upgraded the game from 0.25-a0-1137-g7f6bfe4 to
                  | 0.26-a0-40-gfe7b5d5
 12292 | Lair:2   | Reached skill level 14 in Axes
 12432 | Lair:2   | Found a staircase to the Snake Pit.
 13085 | Lair:2   | Got a fine plate armour
 13440 | Lair:3   | Identified the +3 plate armour of the Gusle {+Fly} (You
                  | found it on level 2 of the Lair of Beasts)
 13663 | Lair:3   | Reached XP level 12. HP: 96/110 MP: 11/11
 13933 | Lair:3   | Found a staircase to the Swamp.
 14225 | Lair:3   | Noticed a six-headed hydra
 14232 | Lair:3   | a six-headed hydra changed into a tyrant leech
 14239 | Lair:3   | Reached skill level 15 in Axes
 14606 | Lair:2   | Upgraded the game from 0.26-a0-40-gfe7b5d5 to
                  | 0.27-a0-1036-g8e1b44f
 14606 | Lair:2   | Quit the game

Illustrated notes

Levels and vault maps discovered:
D:1:      erik_arrival_blinker_ship, layout_loops_corners
D:2:      layout_loops_ring, lemuel_round_altar, minmay_tromino_v7
D:3:      layout_basic, kiku_gazebo_pond_becter, kennysheep_slug_shrine
D:4:      layout_basic, okawaru_metal_pillars_1_2, marbit_many_paths,
          serial_shops, shop, shop, shop, nicolae_shop_crystal
D:5:      layout_basic, minmay_temple_entry_hall, first_ration,
          kennysheep_cross_bottleneck, minmay_manual_mail, uniq_edmund,
          uniq_crazy_yiuf_cottage
D:6:      layout_basic, vehumet_statue, kennysheep_mini,
          eat_drink_and_be_merry_uskayaw, basic_altar, serial_glass,
          glass_columns_a, glass_columns_a, serial_shops, shop
D:7:      layout_loops_ring, chequers_serial_rivers_room_b
D:8:      layout_gridville, uniq_maggie, uniq_prince_ribbit1, uniq_maurice
D:9:      layout_basic, nicolae_overflow_crystal_walls, led_sif_book,
          erik_lair_orcish_takeover
D:10:     layout_irregular_city, david_orc_5, hangedman_little_slice_of_home,
          uniq_erica
Lair:1:   layout_cave_pods, lemuel_old_faithful, grunt_megastairs_1
Lair:2:   layout_cave_pods, guppyfry_snake_entry_island
Lair:3:   layout_hall_layers, nicolae_swamp_entry_splash_gauntlet
Lair:4:   layout_gridlike, serial_bayou_pond_d, roderic_batcave

Skill      XL: |  1  2  3  4  5  6  7  8  9 10 11 12 |
---------------+-------------------------------------+-----
Axes           | 4 5 6 7 8 9 11 13 14 15 | 15.0
Fighting       | 4 5 6 7 8 9 11 | 11.4
Armour         | 3 |  3.3
Shields        | 1 2 4 5 8 10 12 13 14 | 14.3
Dodging        | |  2.2

Action                   |  1- 3 |  4- 6 |  7- 9 | 10-12 || total
-------------------------+-------+-------+-------+-------++-------
Melee: Hand axe          |    59 |   201 |   270 |       ||   530
       Headbutt          |     8 |    34 |    65 |    85 ||   192
       Broad axe         |       |       |    78 |   465 ||   543
Throw: Dart              |       |     1 |       |     4 ||     5
       Boomerang         |       |       |       |     2 ||     2
Invok: Berserk           |       |     3 |     8 |     3 ||    14
       Trog's Hand       |       |       |     1 |     1 ||     2
       Brothers in Arms  |       |       |       |     1 ||     1
Evoke: Wand              |       |       |       |     1 ||     1
  Use: Scroll            |       |     6 |     4 |     5 ||    15
       Potion            |       |       |     2 |     4 ||     6
  Eat: Removed food      |     1 |     8 |    20 |    20 ||    49
       Removed food      |       |     1 |     1 |     2 ||     4
Armor: Ring mail         |    16 |       |       |       ||    16
       Chain mail        |     7 |   104 |    81 |       ||   192
       Scale mail        |       |       |    31 |    85 ||   116
       Plate armour      |       |       |       |    11 ||    11
Dodge: Dodged            |    35 |    39 |    68 |    90 ||   232
Block: Kite shield       |       |    64 |   153 |   319 ||   536
       Reflection        |       |       |       |     6 ||     6

Table legend: (Time is in decaauts)
 A = Elapsed time spent in this place.
 B = Non-inter-level travel time spent in this place.
 C = Inter-level travel time spent in this place.
 D = Time resting spent in this place.
 E = Time spent auto-exploring this place.
 F = Levels seen in this place.
 G = Mean time per level.
                   A        B        C        D        E       F      G
               +--------+--------+--------+--------+--------+-----+--------+
         Total |  14719 |  13769 |    950 |   1952 |   8597 |  14 | 1051.4 |
       Dungeon |  11333 |  10539 |    794 |   1474 |   6290 |  10 | 1133.3 |
          Lair |   3386 |   3230 |    156 |    478 |   2307 |   4 |  846.5 |
               +--------+--------+--------+--------+--------+-----+--------+
